[ AOE2 MATCH · #473982607 ]
UnrankedVietnamese vs Teutons
[ REPLAY ANALYSIS · EXTRACTED FROM THE RECORDED GAME ]
Feudal
10:56
Castle
14:51
Imperial
30:28
| APM avg | 18.5 |
| APM peak | 49 |
| eAPM avg | 13.1 |
| Villagers / military | 136 / 190 |
Focus
⚔️ 25.8% · 🌾 74.2%
Battle Elephant ×135 · Scout Cavalry ×38 · Rattan Archer ×15 · Trade Cart ×3 · Mangonel ×1 · Trebuchet (Packed) ×1
Feudal
10:46
Castle
14:42
Imperial
41:26
| APM avg | 51.7 |
| APM peak | 94 |
| eAPM avg | 25.3 |
| Villagers / military | 117 / 94 |
Focus
⚔️ 29.1% · 🌾 70.9%
Scorpion ×43 · Spearman ×23 · Battering Ram ×20 · Mangonel ×8
Feudal
8:55
Castle
22:40
Imperial
34:37
| APM avg | 28.7 |
| APM peak | 79 |
| eAPM avg | 16.6 |
| Villagers / military | 128 / 21 |
Focus
⚔️ 24.7% · 🌾 75.3%
Spearman ×9 · Teutonic Knight ×7 · Mangonel ×5
Feudal
10:51
Castle
14:46
Imperial
28:51
| APM avg | 45.3 |
| APM peak | 85 |
| eAPM avg | 24.5 |
| Villagers / military | 136 / 112 |
Focus
⚔️ 23.1% · 🌾 76.9%
Spearman ×84 · Cataphract ×14 · Trebuchet (Packed) ×6 · Bombard Cannon ×5 · Monk ×2 · Mangonel ×1
Feudal
8:59
Castle
16:22
Imperial
38:44
| APM avg | 29.5 |
| APM peak | 65 |
| eAPM avg | 19.7 |
| Villagers / military | 155 / 134 |
Focus
⚔️ 31.7% · 🌾 68.3%
Scout Cavalry ×64 · Archer ×55 · Knight ×10 · Mangonel ×3 · Trebuchet (Packed) ×2
Feudal
10:20
Castle
14:08
Imperial
28:17
| APM avg | 38.5 |
| APM peak | 94 |
| eAPM avg | 20.4 |
| Villagers / military | 166 / 113 |
Focus
⚔️ 29.0% · 🌾 71.0%
Ballista Elephant ×68 · Spearman ×39 · Trebuchet (Packed) ×6
Feudal
10:56
Castle
23:11
Imperial
30:05
| APM avg | 30.9 |
| APM peak | 59 |
| eAPM avg | 20.9 |
| Villagers / military | 138 / 140 |
Focus
⚔️ 30.0% · 🌾 70.0%
Teutonic Knight ×135 · Trebuchet (Packed) ×5
Feudal
11:02
Castle
14:50
Imperial
28:34
| APM avg | 58.9 |
| APM peak | 181 |
| eAPM avg | 20.6 |
| Villagers / military | 128 / 171 |
Focus
⚔️ 36.7% · 🌾 63.3%
Knight ×72 · Spearman ×69 · Leitis ×23 · Scout Cavalry ×4 · Monk ×3
Match map
Initial resources + every placement click. Lines = walls · curves = elevation contours. ◆ gold · ⬟ stone · ● berries · ✦ relic · ◌ wall gap
Your base· ✓ Closed at 14:51 · 0t walls · 3 gate(s)
3Q9527's base· ✓ Closed at 14:42 · 0t walls · 2 gate(s)
elsalvadordelaoe's base· ✓ Closed at 22:40 · 0t walls · 2 gate(s)
TestofOne's base· ✓ Closed at 14:46 · 0t walls · 2 gate(s)
elpanditm's base· ✓ Closed at 16:22 · 0t walls · 3 gate(s)
gabaleage's base· ✓ Closed at 14:08 · 0t walls · 3 gate(s)
damiansima's base· ✓ Closed at 23:11 · 23t walls · 3 gate(s)
edukratos23's base· ✓ Closed at 14:50 · 0t walls · 2 gate(s)
Smoothed initial terrain · ◌ = detected wall gap · hover for details
Inputs per minute
— NoobProElite - - 3Q9527
Build order — NoobProElite
First 150 of 308 actions detected
| 0:01 | Create | Villager (Male) ×4 |
| 0:02 | Build | House |
| 0:03 | Build | House |
| 1:33 | Create | Villager (Male) |
| 1:33 | Create | Villager (Male) |
| 1:51 | Build | Lumber Camp |
| 2:01 | Create | Villager (Male) |
| 2:01 | Create | Villager (Male) |
| 2:18 | Create | Villager (Male) |
| 2:49 | Create | Villager (Male) |
| 3:04 | Create | Villager (Male) |
| 3:04 | Create | Villager (Male) |
| 3:40 | Create | Villager (Male) |
| 3:50 | Build | House |
| 3:52 | Build | House |
| 4:09 | Create | Villager (Male) |
| 4:09 | Create | Villager (Male) |
| 4:10 | Create | Villager (Male) |
| 4:53 | Build | Mill |
| 4:57 | Create | Villager (Male) |
| 4:58 | Create | Villager (Male) |
| 4:58 | Create | Villager (Male) |
| 5:24 | Create | Villager (Male) |
| 5:24 | Create | Villager (Male) |
| 6:48 | Create | Villager (Male) |
| 6:48 | Create | Villager (Male) |
| 7:33 | Create | Villager (Male) |
| 7:33 | Create | Villager (Male) |
| 7:34 | Create | Villager (Male) |
| 8:01 | Build | Mining Camp |
| 8:27 | Research | Feudal Age |
| 8:27 | Research | Loom |
| 8:40 | Build | Farm |
| 8:42 | Build | Farm |
| 8:45 | Build | Farm |
| 9:36 | Build | House |
| 9:39 | Build | House |
| 10:56 | Age | Feudal Age |
| 10:58 | Build | Market |
| 11:01 | Build | Blacksmith |
| 11:14 | Create | Villager (Male) |
| 11:14 | Create | Villager (Male) |
| 11:20 | Build | Farm |
| 11:27 | Build | Farm |
| 12:11 | Research | Castle Age |
| 12:15 | Build | Farm |
| 12:37 | Research | Horse Collar |
| 12:42 | Build | Farm |
| 12:45 | Build | Farm |
| 12:48 | Build | Farm |
| 13:03 | Build | Farm |
| 13:06 | Build | Farm |
| 13:10 | Research | Double-Bit Axe |
| 13:46 | Create | Villager (Male) |
| 13:46 | Create | Villager (Male) |
| 13:59 | Build | Farm |
| 14:51 | Age | Castle Age |
| 15:01 | Build | Town Center |
| 15:12 | Research | Bow Saw |
| 15:32 | Create | Villager (Male) |
| 15:48 | Create | Villager (Male) |
| 15:48 | Create | Villager (Male) |
| 15:54 | Build | Town Center |
| 16:14 | Research | Heavy Plow |
| 16:25 | Research | Wheelbarrow |
| 16:26 | Create | Villager (Male) |
| 16:26 | Create | Villager (Male) |
| 16:52 | Create | Villager (Male) ×4 |
| 17:13 | Create | Villager (Male) |
| 17:13 | Create | Villager (Male) |
| 17:13 | Create | Villager (Male) |
| 17:16 | Build | Farm |
| 17:17 | Build | Farm |
| 17:19 | Build | Farm |
| 17:20 | Build | Farm |
| 17:27 | Build | Farm |
| 17:29 | Build | Farm |
| 17:31 | Create | Villager (Male) |
| 17:48 | Create | Villager (Male) |
| 18:00 | Build | Farm |
| 18:01 | Build | Farm |
| 18:01 | Build | Farm |
| 18:01 | Build | Farm |
| 18:02 | Build | Farm |
| 18:08 | Create | Villager (Male) ×2 |
| 18:08 | Create | Villager (Male) ×2 |
| 18:15 | Build | Farm |
| 18:15 | Build | Farm |
| 18:16 | Build | Farm |
| 18:23 | Create | Villager (Male) ×2 |
| 18:31 | Create | Villager (Male) |
| 18:41 | Build | Farm |
| 18:48 | Create | Villager (Male) ×2 |
| 18:56 | Build | House |
| 19:01 | Build | House |
| 19:02 | Build | House |
| 19:02 | Build | House |
| 19:15 | Build | Stone Wall |
| 19:23 | Create | Villager (Male) ×5 |
| 19:24 | Create | Villager (Male) |
| 19:55 | Build | Siege Workshop |
| 20:02 | Research | Hand Cart |
| 20:02 | Create | Villager (Male) |
| 20:03 | Create | Villager (Male) |
| 20:09 | Build | Farm |
| 20:15 | Research | Gold Mining |
| 20:25 | Build | Stone Wall |
| 20:26 | Build | Stone Wall |
| 20:33 | Create | Villager (Male) |
| 20:33 | Create | Villager (Male) |
| 20:39 | Create | Mangonel |
| 20:49 | Research | Forging |
| 20:52 | Research | Fletching |
| 21:26 | Build | Town Center |
| 21:57 | Build | House |
| 22:18 | Create | Villager (Male) ×5 |
| 22:18 | Create | Villager (Male) ×5 |
| 22:19 | Create | Villager (Male) ×5 |
| 22:19 | Create | Villager (Male) ×5 |
| 22:24 | Build | House |
| 22:25 | Build | House |
| 22:26 | Build | House |
| 22:27 | Build | House |
| 22:28 | Build | House |
| 22:29 | Build | House |
| 22:44 | Create | Villager (Male) ×2 |
| 22:50 | Build | Farm |
| 22:51 | Build | Farm |
| 22:54 | Build | Farm |
| 22:56 | Build | Farm |
| 23:09 | Research | Stone Mining |
| 23:36 | Build | House |
| 23:58 | Create | Villager (Male) ×5 |
| 23:58 | Create | Villager (Male) ×5 |
| 24:06 | Build | Farm |
| 24:06 | Build | Farm |
| 24:06 | Build | Farm |
| 24:06 | Build | Farm |
| 24:07 | Build | Farm |
| 24:07 | Build | Farm |
| 24:07 | Build | Farm |
| 24:17 | Build | Farm |
| 24:25 | Build | Mill |
| 24:26 | Build | Farm |
| 24:26 | Build | Farm |
| 24:26 | Build | Farm |
| 24:27 | Build | Farm |
| 24:27 | Build | Farm |
| 24:27 | Build | Farm |
| 24:43 | Build | Mining Camp |
Build order — 3Q9527
First 150 of 373 actions detected
| 0:01 | Create | Villager (Male) |
| 0:01 | Create | Villager (Male) |
| 0:02 | Build | House |
| 0:05 | Build | House |
| 0:12 | Create | Villager (Male) |
| 0:12 | Create | Villager (Male) |
| 0:12 | Create | Villager (Male) |
| 1:26 | Create | Villager (Male) |
| 1:44 | Build | Lumber Camp |
| 1:59 | Create | Villager (Male) |
| 1:59 | Create | Villager (Male) |
| 2:18 | Create | Villager (Male) |
| 2:18 | Create | Villager (Male) |
| 2:47 | Create | Villager (Male) |
| 2:47 | Create | Villager (Male) |
| 3:19 | Create | Villager (Male) |
| 3:24 | Build | House |
| 3:25 | Build | House |
| 3:26 | Build | House |
| 4:00 | Create | Villager (Male) |
| 4:08 | Create | Villager (Male) |
| 4:30 | Create | Villager (Male) |
| 4:30 | Create | Villager (Male) |
| 5:00 | Build | Mill |
| 5:05 | Create | Villager (Male) |
| 5:13 | Create | Villager (Male) |
| 5:19 | Create | Villager (Male) |
| 5:49 | Create | Villager (Male) |
| 5:49 | Create | Villager (Male) |
| 5:50 | Create | Villager (Male) |
| 6:08 | Create | Villager (Male) |
| 6:08 | Create | Villager (Male) |
| 6:32 | Create | Villager (Male) |
| 6:58 | Create | Villager (Male) |
| 8:22 | Build | Mining Camp |
| 8:36 | Research | Feudal Age |
| 8:37 | Research | Feudal Age |
| 9:31 | Create | Villager (Male) |
| 9:33 | Research | Loom |
| 10:46 | Age | Feudal Age |
| 10:50 | Build | Market |
| 10:52 | Build | Blacksmith |
| 10:53 | Build | House |
| 10:54 | Build | House |
| 11:16 | Create | Villager (Male) |
| 11:51 | Research | Castle Age |
| 11:52 | Research | Double-Bit Axe |
| 11:53 | Research | Double-Bit Axe |
| 12:00 | Build | Lumber Camp |
| 12:19 | Build | Farm |
| 12:29 | Build | Farm |
| 12:31 | Build | Farm |
| 12:33 | Build | Farm |
| 13:14 | Research | Gold Mining |
| 13:14 | Research | Gold Mining |
| 14:42 | Age | Castle Age |
| 14:43 | Build | Siege Workshop |
| 14:48 | Build | Siege Workshop |
| 14:55 | Create | Villager (Male) |
| 15:21 | Create | Battering Ram |
| 15:28 | Build | Siege Workshop |
| 15:36 | Create | Battering Ram |
| 16:02 | Create | Battering Ram |
| 16:04 | Create | Scorpion |
| 16:05 | Create | Scorpion |
| 16:08 | Research | Bow Saw |
| 16:09 | Research | Bow Saw |
| 16:14 | Create | Scorpion |
| 16:14 | Create | Scorpion |
| 16:21 | Create | Villager (Male) |
| 16:42 | Build | House |
| 16:47 | Create | Scorpion |
| 17:04 | Build | University |
| 17:11 | Create | Villager (Male) |
| 18:22 | Create | Villager (Male) |
| 18:23 | Create | Villager (Male) |
| 18:25 | Build | University |
| 18:30 | Create | Scorpion |
| 18:30 | Create | Scorpion |
| 19:11 | Create | Villager (Male) |
| 19:17 | Build | Town Center |
| 19:34 | Create | Battering Ram |
| 19:37 | Build | Barracks |
| 19:40 | Create | Battering Ram |
| 19:41 | Create | Scorpion |
| 19:50 | Research | Ballistics |
| 19:50 | Research | Ballistics |
| 20:03 | Create | Villager (Male) |
| 20:06 | Build | Farm |
| 20:24 | Build | Town Center |
| 20:31 | Build | Farm |
| 20:37 | Build | Farm |
| 20:40 | Build | Farm |
| 20:42 | Create | Villager (Male) |
| 21:00 | Build | Farm |
| 21:02 | Build | Farm |
| 21:06 | Build | Farm |
| 21:10 | Create | Villager (Male) |
| 21:16 | Build | Farm |
| 21:30 | Create | Spearman |
| 21:34 | Create | Spearman |
| 21:38 | Create | Scorpion |
| 21:45 | Build | Farm |
| 21:57 | Create | Villager (Male) |
| 22:02 | Create | Villager (Male) |
| 22:02 | Create | Villager (Male) |
| 22:17 | Create | Spearman |
| 22:28 | Build | Siege Workshop |
| 22:29 | Build | Siege Workshop |
| 22:33 | Create | Spearman |
| 22:36 | Create | Villager (Male) |
| 22:51 | Create | Villager (Male) |
| 22:55 | Build | Farm |
| 22:58 | Build | Farm |
| 23:03 | Create | Villager (Male) |
| 23:14 | Create | Spearman |
| 23:23 | Build | Siege Workshop |
| 23:29 | Create | Villager (Male) |
| 23:41 | Create | Battering Ram |
| 23:44 | Create | Villager (Male) |
| 23:45 | Create | Spearman |
| 23:51 | Create | Villager (Male) |
| 23:58 | Build | Farm |
| 24:01 | Build | Farm |
| 24:07 | Build | Farm |
| 24:08 | Create | Villager (Male) |
| 24:18 | Build | House |
| 24:32 | Create | Battering Ram |
| 24:32 | Create | Battering Ram |
| 24:37 | Create | Villager (Male) |
| 24:43 | Research | Pikeman (upgrade) |
| 24:44 | Research | Pikeman (upgrade) |
| 24:55 | Create | Battering Ram |
| 24:56 | Create | Battering Ram |
| 24:58 | Create | Villager (Male) |
| 25:05 | Create | Villager (Male) |
| 25:05 | Create | Villager (Male) |
| 25:14 | Create | Scorpion |
| 25:59 | Create | Scorpion |
| 25:59 | Create | Scorpion |
| 26:00 | Create | Scorpion |
| 26:04 | Create | Spearman |
| 26:08 | Create | Villager (Male) |
| 26:08 | Create | Villager (Male) |
| 26:09 | Create | Villager (Male) |
| 26:10 | Create | Villager (Male) |
| 26:11 | Create | Villager (Male) |
| 26:12 | Create | Villager (Male) |
| 26:14 | Build | Mining Camp |
| 26:17 | Build | House |
Build order — elsalvadordelaoe
First 150 of 259 actions detected
| 0:01 | Create | Villager (Male) |
| 0:02 | Create | Villager (Male) |
| 0:02 | Create | Villager (Male) |
| 0:02 | Create | Villager (Male) |
| 0:04 | Build | House |
| 0:06 | Build | House |
| 1:29 | Create | Villager (Male) |
| 1:56 | Build | Lumber Camp |
| 1:57 | Create | Villager (Male) |
| 2:18 | Create | Villager (Male) |
| 2:18 | Create | Villager (Male) |
| 2:42 | Build | House |
| 2:50 | Create | Villager (Male) |
| 2:50 | Create | Villager (Male) |
| 3:15 | Create | Villager (Male) |
| 3:16 | Create | Villager (Male) |
| 3:42 | Create | Villager (Male) |
| 4:31 | Create | Villager (Male) |
| 4:31 | Create | Villager (Male) |
| 4:31 | Create | Villager (Male) |
| 4:44 | Build | Mill |
| 5:32 | Create | Villager (Male) |
| 5:56 | Research | Loom |
| 6:21 | Build | Mining Camp |
| 6:45 | Research | Feudal Age |
| 6:45 | Research | Feudal Age |
| 7:09 | Build | House |
| 7:57 | Create | Villager (Male) |
| 8:26 | Create | Villager (Male) |
| 8:55 | Age | Feudal Age |
| 9:00 | Build | Watch Tower |
| 9:11 | Research | Double-Bit Axe |
| 9:25 | Create | Villager (Male) |
| 9:26 | Create | Villager (Male) |
| 9:56 | Build | Blacksmith |
| 10:00 | Build | House |
| 10:25 | Build | House |
| 10:31 | Create | Villager (Male) |
| 10:55 | Build | Watch Tower |
| 11:08 | Create | Villager (Male) |
| 11:13 | Create | Villager (Male) |
| 11:13 | Create | Villager (Male) |
| 11:23 | Build | Barracks |
| 11:54 | Create | Villager (Male) |
| 11:54 | Create | Villager (Male) |
| 12:02 | Build | House |
| 12:10 | Build | Farm |
| 12:16 | Create | Villager (Male) |
| 12:16 | Create | Villager (Male) |
| 12:23 | Build | Watch Tower |
| 12:28 | Build | House |
| 12:55 | Build | Farm |
| 12:55 | Build | Farm |
| 13:01 | Research | Fletching |
| 13:01 | Research | Fletching |
| 13:04 | Build | House |
| 13:29 | Create | Villager (Male) |
| 13:30 | Create | Villager (Male) |
| 14:11 | Create | Villager (Male) |
| 14:11 | Create | Villager (Male) |
| 14:14 | Build | Farm |
| 14:16 | Create | Villager (Male) |
| 14:17 | Build | Farm |
| 14:46 | Create | Villager (Male) |
| 15:27 | Build | Mining Camp |
| 15:36 | Create | Villager (Male) |
| 15:37 | Create | Villager (Male) |
| 15:37 | Create | Villager (Male) |
| 15:40 | Build | Farm |
| 15:40 | Build | Farm |
| 15:41 | Build | Farm |
| 15:47 | Research | Horse Collar |
| 15:48 | Create | Villager (Male) |
| 16:15 | Build | Mining Camp |
| 16:19 | Create | Villager (Male) |
| 17:01 | Create | Villager (Male) |
| 17:08 | Build | Farm |
| 17:08 | Build | Farm |
| 17:09 | Build | Farm |
| 17:10 | Create | Villager (Male) |
| 18:02 | Build | Farm |
| 18:03 | Create | Villager (Male) |
| 18:10 | Build | Market |
| 18:18 | Build | Farm |
| 18:19 | Create | Villager (Male) |
| 18:53 | Create | Villager (Male) |
| 19:08 | Create | Villager (Male) |
| 19:44 | Build | Lumber Camp |
| 19:49 | Build | Farm |
| 19:52 | Build | Farm |
| 19:57 | Build | Farm |
| 20:00 | Research | Castle Age |
| 20:32 | Build | House |
| 20:34 | Research | Gold Mining |
| 20:44 | Create | Spearman |
| 20:57 | Create | Spearman |
| 21:35 | Build | House |
| 21:36 | Build | House |
| 21:36 | Build | House |
| 21:41 | Create | Spearman |
| 21:49 | Research | Stone Mining |
| 22:16 | Create | Villager (Male) |
| 22:34 | Research | Wheelbarrow |
| 22:40 | Age | Castle Age |
| 22:43 | Build | Town Center |
| 23:08 | Create | Villager (Male) |
| 23:11 | Build | House |
| 23:38 | Build | House |
| 23:49 | Create | Villager (Male) |
| 23:49 | Create | Villager (Male) |
| 24:07 | Research | Bow Saw |
| 24:09 | Research | Heavy Plow |
| 24:13 | Create | Villager (Male) |
| 24:14 | Create | Villager (Male) |
| 24:14 | Create | Villager (Male) |
| 24:18 | Create | Villager (Male) |
| 24:37 | Create | Spearman |
| 24:42 | Build | Barracks |
| 24:44 | Build | Palisade Wall |
| 24:46 | Build | Palisade Wall |
| 24:46 | Build | Palisade Wall |
| 25:11 | Create | Spearman |
| 25:12 | Create | Villager (Male) |
| 25:37 | Research | Pikeman (upgrade) |
| 25:39 | Create | Spearman |
| 25:39 | Create | Spearman |
| 25:40 | Research | Forging |
| 25:46 | Build | Town Center |
| 25:59 | Build | Siege Workshop |
| 26:13 | Create | Villager (Male) |
| 26:13 | Create | Villager (Male) |
| 26:14 | Create | Villager (Male) |
| 26:14 | Create | Villager (Male) |
| 26:19 | Create | Spearman |
| 26:19 | Create | Spearman |
| 26:24 | Build | Mining Camp |
| 26:27 | Create | Mangonel |
| 26:28 | Create | Mangonel |
| 26:33 | Create | Villager (Male) |
| 26:33 | Create | Villager (Male) |
| 27:02 | Create | Villager (Male) |
| 27:03 | Create | Villager (Male) |
| 27:12 | Create | Villager (Male) |
| 27:12 | Create | Villager (Male) |
| 27:30 | Build | House |
| 27:39 | Create | Villager (Male) |
| 27:39 | Create | Villager (Male) |
| 27:45 | Create | Villager (Male) |
| 27:45 | Create | Villager (Male) |
| 27:49 | Build | Lumber Camp |
Build order — TestofOne
First 150 of 368 actions detected
| 0:02 | Create | Villager (Male) |
| 0:02 | Create | Villager (Male) |
| 0:03 | Build | House |
| 0:04 | Build | House |
| 0:05 | Create | Villager (Male) |
| 0:05 | Create | Villager (Male) |
| 1:24 | Create | Villager (Male) |
| 1:53 | Build | Lumber Camp |
| 1:59 | Create | Villager (Male) |
| 2:24 | Create | Villager (Male) |
| 2:51 | Create | Villager (Male) |
| 3:07 | Create | Villager (Male) |
| 3:36 | Create | Villager (Male) |
| 3:53 | Build | House |
| 3:54 | Build | House |
| 4:05 | Create | Villager (Male) |
| 4:41 | Create | Villager (Male) |
| 4:42 | Create | Villager (Male) |
| 5:09 | Create | Villager (Male) |
| 5:18 | Create | Villager (Male) |
| 5:37 | Create | Villager (Male) |
| 6:00 | Build | Mill |
| 7:01 | Create | Villager (Male) |
| 7:14 | Create | Villager (Male) |
| 7:32 | Create | Villager (Male) |
| 7:40 | Create | Villager (Male) |
| 7:57 | Create | Villager (Male) |
| 8:35 | Build | House |
| 8:40 | Research | Feudal Age |
| 9:02 | Build | Farm |
| 9:50 | Build | Mining Camp |
| 10:42 | Create | Villager (Male) |
| 10:42 | Create | Villager (Male) |
| 10:51 | Age | Feudal Age |
| 10:55 | Build | Market |
| 10:59 | Build | Blacksmith |
| 11:06 | Build | Farm |
| 11:24 | Create | Villager (Male) |
| 11:28 | Build | Farm |
| 12:01 | Research | Castle Age |
| 12:07 | Build | Farm |
| 12:18 | Build | Mining Camp |
| 12:48 | Research | Double-Bit Axe |
| 13:42 | Research | Loom |
| 13:48 | Research | Horse Collar |
| 13:52 | Build | Farm |
| 13:58 | Build | Farm |
| 14:46 | Age | Castle Age |
| 15:02 | Create | Villager (Male) |
| 15:14 | Create | Villager (Male) |
| 16:09 | Create | Villager (Male) |
| 16:29 | Build | Castle |
| 16:32 | Create | Villager (Male) |
| 16:38 | Build | House |
| 16:42 | Build | House |
| 16:43 | Build | House |
| 16:58 | Build | House |
| 17:07 | Build | Palisade Wall |
| 17:24 | Create | Cataphract |
| 17:24 | Create | Cataphract |
| 17:26 | Create | Villager (Male) |
| 17:44 | Build | Stone Wall |
| 17:45 | Build | Stone Wall |
| 17:48 | Create | Villager (Male) |
| 18:06 | Build | Lumber Camp |
| 18:10 | Build | House |
| 18:13 | Build | House |
| 18:18 | Create | Villager (Male) |
| 18:36 | Create | Villager (Male) |
| 18:39 | Create | Villager (Male) |
| 18:41 | Create | Cataphract |
| 18:50 | Build | Siege Workshop |
| 19:07 | Create | Villager (Male) |
| 19:33 | Build | Farm |
| 19:33 | Build | Farm |
| 19:34 | Build | Farm |
| 19:34 | Build | Farm |
| 19:39 | Create | Mangonel |
| 19:40 | Create | Villager (Male) |
| 20:01 | Build | Farm |
| 20:20 | Create | Villager (Male) |
| 20:29 | Build | Monastery |
| 20:55 | Build | Farm |
| 20:56 | Create | Villager (Male) |
| 21:30 | Create | Villager (Male) |
| 21:36 | Build | Mill |
| 21:38 | Build | Farm |
| 21:38 | Build | Farm |
| 21:38 | Build | Farm |
| 21:38 | Build | Farm |
| 21:38 | Build | Farm |
| 21:51 | Create | Monk |
| 21:56 | Create | Villager (Male) |
| 22:04 | Build | Farm |
| 22:11 | Build | Stone Wall |
| 22:13 | Create | Villager (Male) |
| 22:14 | Create | Villager (Male) |
| 22:21 | Create | Villager (Male) |
| 22:32 | Build | Farm |
| 22:49 | Build | Farm |
| 22:50 | Create | Villager (Male) |
| 22:50 | Create | Villager (Male) |
| 22:57 | Build | Farm |
| 23:07 | Build | Farm |
| 23:10 | Build | Farm |
| 23:21 | Build | Farm |
| 23:38 | Build | Farm |
| 23:39 | Create | Villager (Male) |
| 23:43 | Create | Monk |
| 23:45 | Create | Villager (Male) |
| 23:46 | Create | Villager (Male) |
| 24:07 | Create | Villager (Male) |
| 24:07 | Create | Villager (Male) |
| 24:13 | Build | Farm |
| 24:13 | Build | Farm |
| 24:27 | Create | Villager (Male) |
| 24:39 | Build | Farm |
| 24:43 | Create | Villager (Male) |
| 25:20 | Create | Villager (Male) |
| 25:24 | Build | Mill |
| 25:32 | Research | Imperial Age |
| 25:36 | Build | Farm |
| 26:08 | Build | Farm |
| 26:17 | Create | Villager (Male) |
| 26:19 | Research | Heavy Plow |
| 26:45 | Create | Villager (Male) |
| 26:58 | Build | Town Center |
| 27:04 | Build | Farm |
| 27:18 | Create | Villager (Male) |
| 27:26 | Build | University |
| 27:27 | Create | Villager (Male) |
| 27:49 | Create | Villager (Male) |
| 28:08 | Research | Wheelbarrow |
| 28:14 | Create | Villager (Male) |
| 28:14 | Create | Villager (Male) |
| 28:34 | Create | Villager (Male) |
| 28:49 | Build | Town Center |
| 28:51 | Age | Imperial Age |
| 28:55 | Create | Villager (Male) |
| 28:56 | Create | Villager (Male) |
| 29:05 | Research | Scale Mail Armor |
| 29:05 | Research | Forging |
| 29:11 | Research | Block Printing |
| 29:12 | Research | Redemption |
| 29:13 | Create | Villager (Male) |
| 29:13 | Create | Villager (Male) |
| 29:20 | Research | Bow Saw |
| 29:35 | Create | Villager (Male) |
| 29:41 | Create | Villager (Male) |
| 29:58 | Build | Town Center |
Build order — elpanditm
First 150 of 423 actions detected
| 0:02 | Create | Villager (Male) ×4 |
| 0:04 | Build | House |
| 0:07 | Build | House |
| 1:27 | Create | Villager (Male) |
| 1:50 | Build | Lumber Camp |
| 2:02 | Create | Villager (Male) |
| 2:02 | Create | Villager (Male) |
| 2:26 | Create | Villager (Male) |
| 2:50 | Create | Villager (Male) |
| 3:04 | Build | House |
| 3:17 | Create | Villager (Male) |
| 3:18 | Create | Villager (Male) |
| 3:18 | Create | Villager (Male) |
| 3:44 | Create | Villager (Male) |
| 4:08 | Create | Villager (Male) |
| 4:45 | Create | Villager (Male) |
| 5:11 | Create | Villager (Male) |
| 5:25 | Create | Villager (Male) |
| 5:27 | Build | Mill |
| 6:04 | Create | Villager (Male) |
| 6:49 | Research | Feudal Age |
| 7:07 | Build | Lumber Camp |
| 8:03 | Create | Villager (Male) |
| 8:08 | Build | House |
| 8:59 | Age | Feudal Age |
| 9:00 | Research | Double-Bit Axe |
| 9:01 | Research | Horse Collar |
| 9:02 | Create | Villager (Male) |
| 9:08 | Create | Villager (Male) |
| 9:32 | Build | Mining Camp |
| 9:41 | Build | Farm |
| 9:51 | Create | Villager (Male) |
| 9:53 | Build | Farm |
| 10:03 | Build | House |
| 10:09 | Create | Villager (Male) |
| 10:17 | Build | Farm |
| 10:53 | Create | Villager (Male) |
| 11:02 | Build | Farm |
| 11:05 | Build | Farm |
| 11:09 | Build | Market |
| 11:29 | Create | Villager (Male) |
| 11:34 | Build | Farm |
| 11:39 | Build | Farm |
| 11:47 | Create | Villager (Male) |
| 12:05 | Build | House |
| 12:34 | Build | Farm |
| 12:39 | Create | Villager (Male) |
| 12:43 | Build | Blacksmith |
| 12:47 | Create | Villager (Male) |
| 12:57 | Build | Farm |
| 13:42 | Research | Castle Age |
| 14:06 | Build | Barracks |
| 15:19 | Build | Stable |
| 15:47 | Create | Villager (Male) |
| 16:12 | Create | Villager (Male) |
| 16:22 | Age | Castle Age |
| 16:26 | Build | Town Center |
| 16:44 | Build | Town Center |
| 16:57 | Research | Loom |
| 17:02 | Create | Knight |
| 17:02 | Create | Knight |
| 17:08 | Create | Knight |
| 17:34 | Build | Siege Workshop |
| 18:01 | Create | Knight |
| 18:07 | Create | Villager (Male) |
| 18:08 | Create | Villager (Male) |
| 18:18 | Create | Villager (Male) |
| 18:32 | Create | Knight |
| 18:38 | Build | House |
| 19:13 | Create | Villager (Male) |
| 19:14 | Create | Villager (Male) |
| 19:15 | Build | Town Center |
| 19:17 | Create | Villager (Male) |
| 19:26 | Create | Knight |
| 19:30 | Create | Villager (Male) |
| 19:38 | Create | Villager (Male) |
| 19:47 | Create | Knight |
| 19:54 | Build | Palisade Gate |
| 19:59 | Build | Palisade Gate |
| 20:24 | Build | House |
| 20:26 | Create | Villager (Male) |
| 20:32 | Build | Town Center |
| 20:55 | Create | Villager (Male) |
| 20:59 | Build | Farm |
| 21:03 | Build | Farm |
| 21:08 | Build | Farm |
| 21:26 | Create | Villager (Male) |
| 21:31 | Build | Farm |
| 21:40 | Create | Villager (Male) |
| 21:56 | Build | House |
| 21:57 | Create | Villager (Male) |
| 22:04 | Create | Mangonel |
| 22:08 | Build | Farm |
| 22:10 | Create | Villager (Male) |
| 22:14 | Build | Farm |
| 22:17 | Build | Farm |
| 22:30 | Create | Villager (Male) |
| 22:33 | Create | Villager (Male) |
| 22:38 | Build | Farm |
| 22:39 | Create | Villager (Male) |
| 22:42 | Build | House |
| 22:47 | Build | Farm |
| 22:50 | Build | Farm |
| 22:51 | Create | Villager (Male) |
| 22:54 | Create | Villager (Male) |
| 23:02 | Build | House |
| 23:12 | Create | Villager (Male) |
| 23:14 | Build | House |
| 23:20 | Build | Farm |
| 23:24 | Build | Farm |
| 23:26 | Create | Villager (Male) |
| 23:26 | Create | Villager (Male) |
| 23:26 | Create | Villager (Male) |
| 23:30 | Build | Farm |
| 23:33 | Build | Farm |
| 23:34 | Create | Villager (Male) |
| 23:44 | Create | Villager (Male) |
| 23:49 | Build | Farm |
| 23:50 | Create | Villager (Male) |
| 23:56 | Build | Farm |
| 23:57 | Create | Villager (Male) |
| 24:05 | Create | Villager (Male) |
| 24:18 | Create | Villager (Male) |
| 24:20 | Create | Villager (Male) |
| 24:26 | Create | Villager (Male) |
| 24:34 | Build | House |
| 24:44 | Create | Mangonel |
| 24:48 | Create | Villager (Male) |
| 24:48 | Create | Villager (Male) |
| 24:48 | Create | Villager (Male) |
| 24:50 | Create | Villager (Male) |
| 25:03 | Build | Mining Camp |
| 25:05 | Create | Villager (Male) |
| 25:07 | Create | Villager (Male) |
| 25:14 | Build | House |
| 25:29 | Create | Knight |
| 25:40 | Create | Villager (Male) |
| 25:42 | Create | Villager (Male) |
| 26:00 | Create | Villager (Male) |
| 26:01 | Create | Villager (Male) |
| 26:03 | Create | Villager (Male) |
| 26:05 | Create | Villager (Male) |
| 26:08 | Create | Villager (Male) |
| 26:23 | Create | Villager (Male) |
| 26:35 | Create | Villager (Male) |
| 26:36 | Create | Villager (Male) |
| 26:39 | Create | Villager (Male) |
| 26:48 | Build | Town Center |
| 26:49 | Create | Villager (Male) |
| 26:52 | Create | Knight |
Build order — gabaleage
First 150 of 445 actions detected
| 0:01 | Create | Villager (Male) |
| 0:02 | Create | Villager (Male) |
| 0:02 | Create | Villager (Male) |
| 0:03 | Build | House |
| 0:05 | Build | House |
| 0:21 | Create | Villager (Male) |
| 1:24 | Create | Villager (Male) |
| 1:24 | Create | Villager (Male) |
| 1:53 | Build | Lumber Camp |
| 2:00 | Create | Villager (Male) |
| 2:32 | Create | Villager (Male) |
| 2:59 | Create | Villager (Male) |
| 3:00 | Create | Villager (Male) |
| 3:15 | Create | Villager (Male) |
| 3:15 | Create | Villager (Male) |
| 3:29 | Build | House |
| 3:38 | Create | Villager (Male) |
| 3:54 | Create | Villager (Male) |
| 3:54 | Create | Villager (Male) |
| 4:06 | Build | House |
| 4:24 | Build | Mill |
| 4:34 | Create | Villager (Male) |
| 5:04 | Create | Villager (Male) |
| 5:04 | Create | Villager (Male) |
| 5:23 | Create | Villager (Male) |
| 5:23 | Create | Villager (Male) |
| 5:23 | Create | Villager (Male) |
| 5:57 | Create | Villager (Male) |
| 6:03 | Create | Villager (Male) |
| 6:03 | Create | Villager (Male) |
| 6:38 | Create | Villager (Male) |
| 6:38 | Create | Villager (Male) |
| 7:42 | Build | Mining Camp |
| 8:10 | Research | Feudal Age |
| 9:02 | Create | Villager (Male) |
| 9:03 | Create | Villager (Male) |
| 9:35 | Build | Mining Camp |
| 10:20 | Age | Feudal Age |
| 10:24 | Build | Farm |
| 10:25 | Build | Farm |
| 10:25 | Build | Farm |
| 10:26 | Build | Farm |
| 10:32 | Build | Farm |
| 11:28 | Research | Castle Age |
| 11:51 | Build | House |
| 11:52 | Build | House |
| 12:04 | Research | Double-Bit Axe |
| 12:39 | Research | Horse Collar |
| 13:14 | Create | Villager (Male) |
| 13:14 | Create | Villager (Male) |
| 14:08 | Age | Castle Age |
| 14:16 | Build | Castle |
| 14:28 | Create | Villager (Male) |
| 14:59 | Build | Town Center |
| 15:01 | Create | Villager (Male) |
| 15:03 | Create | Villager (Male) |
| 15:44 | Create | Ballista Elephant |
| 15:45 | Create | Ballista Elephant |
| 15:46 | Create | Villager (Male) |
| 15:53 | Build | Farm |
| 16:13 | Create | Villager (Male) |
| 16:27 | Create | Villager (Male) |
| 16:52 | Create | Villager (Male) |
| 16:52 | Create | Villager (Male) |
| 17:30 | Create | Villager (Male) |
| 17:30 | Create | Villager (Male) |
| 17:43 | Build | Town Center |
| 17:45 | Create | Villager (Male) |
| 17:47 | Build | Farm |
| 17:48 | Build | Farm |
| 17:51 | Build | Farm |
| 17:55 | Build | Farm |
| 17:56 | Create | Villager (Male) |
| 17:57 | Create | Villager (Male) |
| 18:16 | Build | Farm |
| 18:19 | Build | Farm |
| 18:20 | Create | Villager (Male) |
| 18:43 | Create | Villager (Male) |
| 18:44 | Create | Villager (Male) |
| 18:45 | Create | Villager (Male) |
| 18:48 | Build | Farm |
| 18:50 | Build | Farm |
| 18:53 | Build | Farm |
| 18:56 | Build | Farm |
| 18:58 | Create | Villager (Male) |
| 19:14 | Create | Villager (Male) |
| 19:14 | Create | Villager (Male) |
| 19:46 | Create | Villager (Male) |
| 19:46 | Create | Villager (Male) |
| 19:46 | Create | Villager (Male) |
| 19:47 | Create | Villager (Male) |
| 19:47 | Create | Villager (Male) |
| 19:50 | Build | Farm |
| 19:53 | Build | Farm |
| 20:08 | Build | Town Center |
| 20:10 | Create | Villager (Male) |
| 20:10 | Create | Villager (Male) |
| 20:10 | Create | Villager (Male) |
| 20:15 | Build | Farm |
| 20:17 | Create | Villager (Male) |
| 20:17 | Create | Villager (Male) |
| 20:27 | Create | Villager (Male) |
| 20:27 | Create | Villager (Male) |
| 20:40 | Create | Villager (Male) |
| 20:40 | Create | Villager (Male) |
| 20:40 | Create | Villager (Male) |
| 21:22 | Create | Villager (Male) |
| 21:23 | Create | Villager (Male) |
| 21:23 | Create | Villager (Male) |
| 21:23 | Create | Villager (Male) |
| 21:23 | Create | Villager (Male) |
| 21:24 | Create | Villager (Male) |
| 21:26 | Build | Farm |
| 21:38 | Research | Wheelbarrow |
| 21:39 | Create | Villager (Male) |
| 21:40 | Create | Villager (Male) |
| 21:47 | Create | Villager (Male) |
| 22:01 | Create | Villager (Male) |
| 22:02 | Create | Villager (Male) |
| 22:03 | Build | Farm |
| 22:06 | Build | Farm |
| 22:08 | Build | Farm |
| 22:09 | Create | Villager (Male) |
| 22:09 | Create | Villager (Male) |
| 22:17 | Build | House |
| 22:18 | Build | House |
| 22:20 | Create | Villager (Male) |
| 22:21 | Create | Villager (Male) |
| 22:25 | Build | Farm |
| 22:28 | Build | Farm |
| 22:31 | Build | Farm |
| 22:33 | Create | Villager (Male) |
| 22:34 | Create | Villager (Male) |
| 22:34 | Create | Villager (Male) |
| 22:40 | Build | Market |
| 22:59 | Research | Bow Saw |
| 23:01 | Create | Villager (Male) |
| 23:01 | Create | Villager (Male) |
| 23:04 | Create | Villager (Male) |
| 23:08 | Create | Villager (Male) |
| 23:08 | Create | Villager (Male) |
| 23:14 | Create | Villager (Male) |
| 23:17 | Build | Farm |
| 23:20 | Create | Villager (Male) |
| 23:20 | Create | Villager (Male) |
| 23:24 | Create | Villager (Male) |
| 23:24 | Create | Villager (Male) |
| 23:29 | Create | Villager (Male) |
| 23:30 | Create | Villager (Male) |
| 23:33 | Build | Farm |
Build order — damiansima
First 150 of 361 actions detected
| 0:01 | Create | Villager (Male) |
| 0:01 | Create | Villager (Male) |
| 0:01 | Create | Villager (Male) |
| 0:02 | Create | Villager (Male) |
| 0:04 | Build | House |
| 0:06 | Build | House |
| 1:33 | Create | Villager (Male) |
| 2:01 | Create | Villager (Male) |
| 2:27 | Create | Villager (Male) |
| 2:27 | Create | Villager (Male) |
| 2:40 | Build | House |
| 2:42 | Build | House |
| 2:50 | Create | Villager (Male) |
| 2:50 | Create | Villager (Male) |
| 2:50 | Create | Villager (Male) |
| 3:05 | Build | House |
| 3:10 | Create | Villager (Male) |
| 3:22 | Create | Villager (Male) |
| 3:22 | Create | Villager (Male) |
| 4:08 | Create | Villager (Male) |
| 4:08 | Create | Villager (Male) |
| 4:41 | Create | Villager (Male) |
| 4:41 | Create | Villager (Male) |
| 4:44 | Build | Lumber Camp |
| 4:53 | Create | Villager (Male) |
| 4:55 | Create | Villager (Male) |
| 5:02 | Create | Villager (Male) |
| 5:02 | Create | Villager (Male) |
| 5:24 | Build | Lumber Camp |
| 5:45 | Create | Villager (Male) |
| 5:45 | Create | Villager (Male) |
| 5:47 | Create | Villager (Male) |
| 6:38 | Create | Villager (Male) |
| 7:20 | Build | House |
| 7:21 | Create | Villager (Male) |
| 7:25 | Build | Mill |
| 7:29 | Create | Villager (Male) |
| 7:30 | Create | Villager (Male) |
| 7:41 | Create | Villager (Male) |
| 8:13 | Create | Villager (Male) |
| 8:17 | Build | Farm |
| 8:19 | Build | Farm |
| 8:23 | Build | Farm |
| 8:28 | Research | Feudal Age |
| 8:38 | Build | Farm |
| 8:41 | Build | Farm |
| 8:46 | Build | Farm |
| 8:55 | Build | Farm |
| 9:19 | Build | Palisade Wall |
| 9:25 | Build | Palisade Wall |
| 9:48 | Research | Loom |
| 9:52 | Build | Mining Camp |
| 10:08 | Build | Palisade Wall |
| 10:11 | Build | Palisade Wall |
| 10:40 | Build | House |
| 10:56 | Age | Feudal Age |
| 11:03 | Build | Watch Tower |
| 11:14 | Create | Villager (Male) |
| 11:14 | Create | Villager (Male) |
| 11:14 | Create | Villager (Male) |
| 11:27 | Build | Blacksmith |
| 11:59 | Build | House |
| 12:05 | Research | Fletching |
| 12:05 | Research | Fletching |
| 12:21 | Create | Villager (Male) |
| 12:21 | Create | Villager (Male) |
| 12:21 | Create | Villager (Male) |
| 12:24 | Create | Villager (Male) |
| 12:24 | Create | Villager (Male) |
| 12:26 | Build | Farm |
| 12:27 | Research | Double-Bit Axe |
| 12:32 | Research | Horse Collar |
| 12:50 | Create | Villager (Male) |
| 12:50 | Create | Villager (Male) |
| 13:14 | Build | Watch Tower |
| 13:24 | Create | Villager (Male) |
| 13:24 | Create | Villager (Male) |
| 13:24 | Create | Villager (Male) |
| 13:37 | Build | Farm |
| 13:38 | Build | Farm |
| 14:26 | Create | Villager (Male) |
| 14:26 | Create | Villager (Male) |
| 14:48 | Build | House |
| 14:49 | Build | House |
| 14:52 | Create | Villager (Male) |
| 15:32 | Build | Farm |
| 15:33 | Build | Farm |
| 15:34 | Build | Farm |
| 15:46 | Build | House |
| 15:49 | Create | Villager (Male) |
| 15:49 | Create | Villager (Male) |
| 15:52 | Build | Farm |
| 15:52 | Build | Farm |
| 16:17 | Build | House |
| 16:29 | Create | Villager (Male) |
| 17:08 | Create | Villager (Male) |
| 17:08 | Create | Villager (Male) |
| 17:12 | Build | House |
| 17:19 | Build | Palisade Wall |
| 17:23 | Build | Palisade Wall |
| 17:26 | Build | House |
| 17:56 | Build | Stone Wall |
| 18:02 | Create | Villager (Male) |
| 18:09 | Build | Mining Camp |
| 18:20 | Build | Farm |
| 18:21 | Build | Farm |
| 18:27 | Build | House |
| 18:28 | Build | House |
| 18:42 | Build | Farm |
| 18:43 | Build | Farm |
| 19:06 | Create | Villager (Male) |
| 19:11 | Build | Market |
| 19:57 | Create | Villager (Male) |
| 20:00 | Research | Gold Mining |
| 20:19 | Build | House |
| 20:31 | Research | Castle Age |
| 20:35 | Research | Stone Mining |
| 20:54 | Build | House |
| 21:49 | Build | Farm |
| 21:57 | Create | Villager (Male) |
| 21:57 | Create | Villager (Male) |
| 21:57 | Create | Villager (Male) |
| 22:40 | Build | Farm |
| 22:43 | Build | Farm |
| 22:43 | Build | Farm |
| 22:43 | Build | Farm |
| 23:11 | Age | Castle Age |
| 23:29 | Build | Town Center |
| 23:38 | Create | Villager (Male) |
| 23:38 | Create | Villager (Male) |
| 23:49 | Build | Town Center |
| 23:51 | Research | Bow Saw |
| 23:55 | Create | Villager (Male) |
| 23:55 | Create | Villager (Male) |
| 23:55 | Create | Villager (Male) |
| 24:25 | Build | Castle |
| 24:28 | Create | Villager (Male) |
| 24:29 | Create | Villager (Male) |
| 24:29 | Create | Villager (Male) |
| 24:48 | Research | Scale Mail Armor |
| 24:53 | Research | Forging |
| 24:58 | Create | Villager (Male) |
| 24:59 | Create | Villager (Male) |
| 25:01 | Build | Farm |
| 25:02 | Build | Farm |
| 25:03 | Build | Farm |
| 25:04 | Build | Farm |
| 25:05 | Build | Farm |
| 25:09 | Build | Farm |
| 25:10 | Build | Farm |
Build order — edukratos23
First 150 of 489 actions detected
| 0:01 | Create | Villager (Male) |
| 0:01 | Create | Villager (Male) |
| 0:02 | Create | Villager (Male) |
| 0:02 | Create | Villager (Male) |
| 0:02 | Create | Villager (Male) |
| 0:02 | Create | Villager (Male) |
| 0:04 | Build | House |
| 0:06 | Build | House |
| 1:35 | Create | Villager (Male) |
| 1:51 | Build | Lumber Camp |
| 2:06 | Create | Villager (Male) |
| 2:34 | Create | Villager (Male) |
| 2:45 | Build | House |
| 3:24 | Create | Villager (Male) |
| 4:08 | Create | Villager (Male) |
| 4:32 | Create | Villager (Male) |
| 4:55 | Build | House |
| 5:00 | Create | Villager (Male) |
| 5:03 | Create | Villager (Male) |
| 5:15 | Build | Mill |
| 5:48 | Create | Villager (Male) |
| 5:59 | Create | Villager (Male) |
| 6:22 | Build | House |
| 6:29 | Create | Villager (Male) |
| 7:00 | Create | Villager (Male) |
| 7:23 | Create | Villager (Male) |
| 7:46 | Build | Farm |
| 7:53 | Create | Villager (Male) |
| 8:05 | Build | Mining Camp |
| 8:27 | Create | Villager (Male) |
| 8:34 | Research | Feudal Age |
| 8:58 | Build | Lumber Camp |
| 9:45 | Build | Barracks |
| 10:58 | Create | Villager (Male) |
| 11:02 | Age | Feudal Age |
| 11:06 | Build | Market |
| 11:14 | Build | Stable |
| 11:17 | Create | Villager (Male) |
| 12:10 | Research | Castle Age |
| 12:21 | Build | Farm |
| 12:23 | Build | Farm |
| 12:35 | Build | Farm |
| 12:42 | Build | House |
| 12:44 | Build | House |
| 12:55 | Build | Farm |
| 13:00 | Build | Farm |
| 13:06 | Build | Farm |
| 13:15 | Research | Double-Bit Axe |
| 13:56 | Build | House |
| 14:01 | Create | Scout Cavalry |
| 14:02 | Create | Scout Cavalry |
| 14:18 | Build | Farm |
| 14:22 | Build | Farm |
| 14:26 | Build | House |
| 14:35 | Build | Farm |
| 14:38 | Research | Horse Collar |
| 14:50 | Age | Castle Age |
| 14:52 | Create | Villager (Male) |
| 15:08 | Build | Monastery |
| 15:18 | Create | Scout Cavalry |
| 15:19 | Create | Villager (Male) |
| 15:35 | Build | Farm |
| 15:35 | Build | Farm |
| 15:39 | Create | Villager (Male) |
| 15:49 | Build | Farm |
| 15:56 | Create | Monk |
| 16:00 | Build | House |
| 16:17 | Create | Villager (Male) |
| 16:22 | Create | Scout Cavalry |
| 16:35 | Build | Farm |
| 16:35 | Build | Farm |
| 16:36 | Build | Farm |
| 16:43 | Build | House |
| 16:56 | Build | Farm |
| 17:08 | Create | Villager (Male) |
| 17:13 | Research | Light Cavalry (upgrade) |
| 17:28 | Create | Villager (Male) |
| 17:38 | Build | House |
| 17:41 | Create | Monk |
| 17:42 | Create | Villager (Male) |
| 17:55 | Create | Villager (Male) |
| 18:06 | Build | Mill |
| 18:07 | Build | Farm |
| 18:07 | Build | Farm |
| 18:07 | Build | Farm |
| 18:07 | Build | Farm |
| 18:08 | Build | Farm |
| 18:12 | Build | House |
| 18:35 | Create | Villager (Male) |
| 18:39 | Build | Farm |
| 18:52 | Build | House |
| 18:53 | Build | House |
| 18:54 | Build | House |
| 18:55 | Create | Villager (Male) |
| 19:22 | Create | Villager (Male) |
| 19:22 | Create | Villager (Male) |
| 19:47 | Research | Bloodlines |
| 19:48 | Create | Villager (Male) |
| 19:51 | Create | Villager (Male) |
| 20:03 | Create | Monk |
| 20:07 | Build | House |
| 20:08 | Build | House |
| 20:09 | Build | House |
| 20:10 | Create | Villager (Male) |
| 20:22 | Create | Villager (Male) |
| 20:26 | Build | Blacksmith |
| 20:43 | Create | Villager (Male) |
| 20:54 | Research | Husbandry |
| 20:58 | Create | Villager (Male) |
| 20:59 | Create | Villager (Male) |
| 21:05 | Build | Town Center |
| 21:32 | Create | Villager (Male) |
| 21:32 | Create | Villager (Male) |
| 21:36 | Research | Scale Barding Armor |
| 21:55 | Build | Lumber Camp |
| 22:10 | Create | Villager (Male) |
| 22:15 | Create | Villager (Male) |
| 22:34 | Create | Villager (Male) |
| 22:38 | Build | House |
| 22:39 | Build | House |
| 22:47 | Create | Villager (Male) |
| 22:59 | Create | Villager (Male) |
| 23:02 | Create | Villager (Male) |
| 23:12 | Build | Town Center |
| 23:21 | Create | Villager (Male) |
| 23:30 | Create | Villager (Male) |
| 23:37 | Build | Farm |
| 23:38 | Build | Farm |
| 23:42 | Build | Farm |
| 23:46 | Build | Farm |
| 23:47 | Create | Villager (Male) |
| 23:58 | Build | University |
| 24:11 | Create | Villager (Male) |
| 24:25 | Create | Villager (Male) |
| 24:32 | Build | Farm |
| 24:38 | Create | Villager (Male) |
| 24:39 | Create | Villager (Male) |
| 25:24 | Research | Imperial Age |
| 25:28 | Research | Loom |
| 25:34 | Research | Wheelbarrow |
| 25:35 | Create | Villager (Male) |
| 25:38 | Build | Stable |
| 25:39 | Build | Stable |
| 25:44 | Create | Villager (Male) |
| 25:44 | Create | Villager (Male) |
| 26:00 | Research | Chain Barding Armor |
| 26:17 | Create | Villager (Male) |
| 26:21 | Research | Bow Saw |
| 26:25 | Build | Farm |
| 26:28 | Build | Farm |
Match timeline
| 8:55 | elsalvadordelaoe · age_up feudal |
| 8:59 | elpanditm · age_up feudal |
| 9:19 | damiansima · wall_segment Palisade Wall x5 |
| 9:25 | damiansima · wall_segment Palisade Wall x8 |
| 9:45 | edukratos23 · first_building Barracks |
| 10:08 | damiansima · wall_segment Palisade Wall x7 |
| 10:11 | damiansima · wall_segment Palisade Wall x4 |
| 10:20 | gabaleage · age_up feudal |
| 10:46 | 3Q9527 · age_up feudal |
| 10:51 | TestofOne · age_up feudal |
| 10:56 | NoobProElite · age_up feudal |
| 10:56 | damiansima · age_up feudal |
| 11:02 | edukratos23 · age_up feudal |
| 11:14 | edukratos23 · first_building Stable |
| 11:23 | elsalvadordelaoe · first_building Barracks |
| 13:39 | elpanditm · first_market_buy 100 food |
| 13:40 | elpanditm · first_market_sell 100 wood |
| 14:06 | elpanditm · first_building Barracks |
| 14:08 | gabaleage · age_up castle |
| 14:16 | gabaleage · first_building Castle |
| 14:42 | 3Q9527 · age_up castle |
| 14:43 | 3Q9527 · first_building Siege Workshop |
| 14:46 | TestofOne · age_up castle |
| 14:50 | edukratos23 · age_up castle |
| 14:51 | NoobProElite · age_up castle |
| 15:08 | edukratos23 · first_building Monastery |
| 15:19 | elpanditm · first_building Stable |
| 16:22 | elpanditm · age_up castle |
| 16:29 | TestofOne · first_building Castle |
| 17:07 | TestofOne · wall_segment Palisade Wall x1 |
| 17:19 | damiansima · wall_segment Palisade Wall x1 |
| 17:23 | damiansima · wall_segment Palisade Wall x1 |
| 17:34 | elpanditm · first_building Siege Workshop |
| 17:44 | TestofOne · wall_segment Stone Wall x1 |
| 17:45 | TestofOne · wall_segment Stone Wall x1 |
| 17:56 | damiansima · wall_segment Stone Wall x1 |
| 18:50 | TestofOne · first_building Siege Workshop |
| 19:15 | NoobProElite · wall_segment Stone Wall x6 |
| 19:37 | 3Q9527 · first_building Barracks |
| 19:49 | 3Q9527 · first_market_sell 100 wood |
| 19:55 | NoobProElite · first_building Siege Workshop |
| 20:25 | NoobProElite · wall_segment Stone Wall x2 |
| 20:26 | NoobProElite · wall_segment Stone Wall x2 |
| 20:29 | TestofOne · first_building Monastery |
| 20:38 | NoobProElite · first_market_sell 100 food |
| 22:11 | TestofOne · wall_segment Stone Wall x1 |
| 22:14 | edukratos23 · first_market_buy 100 wood |
| 22:40 | elsalvadordelaoe · age_up castle |
| 23:11 | damiansima · age_up castle |
| 24:25 | damiansima · first_building Castle |
| 24:44 | elsalvadordelaoe · wall_segment Palisade Wall x1 |
| 24:46 | elsalvadordelaoe · wall_segment Palisade Wall x1 |
| 24:46 | elsalvadordelaoe · wall_segment Palisade Wall x1 |
| 25:21 | gabaleage · first_market_buy 100 stone |
| 25:59 | elsalvadordelaoe · first_building Siege Workshop |
| 26:29 | damiansima · first_market_sell 100 wood |
| 26:55 | TestofOne · first_market_buy 100 wood |
| 27:05 | NoobProElite · first_building Monastery |
| 27:07 | gabaleage · first_building Stable |
| 27:26 | NoobProElite · first_building Barracks |
| 27:32 | damiansima · first_building Barracks |
| 27:57 | NoobProElite · first_building Castle |
| 28:12 | NoobProElite · first_building Stable |
| 28:17 | gabaleage · age_up imperial |
| 28:33 | elsalvadordelaoe · first_building Castle |
| 28:34 | edukratos23 · age_up imperial |
| 28:51 | TestofOne · age_up imperial |
| 29:58 | elsalvadordelaoe · first_market_buy 100 food |
| 30:05 | damiansima · age_up imperial |
| 30:17 | TestofOne · first_market_sell 100 food |
| 30:22 | elpanditm · first_building Castle |
| 30:28 | NoobProElite · age_up imperial |
| 30:47 | edukratos23 · first_building Castle |
| 31:13 | elsalvadordelaoe · first_market_sell 100 stone |
| 31:25 | damiansima · wall_segment Palisade Wall x1 |
| 32:51 | TestofOne · first_building Barracks |
| 34:21 | gabaleage · wall_segment Palisade Wall x1 |
| 34:22 | elpanditm · first_building Archery Range |
| 34:23 | gabaleage · wall_segment Palisade Wall x1 |
| 34:25 | gabaleage · wall_segment Palisade Wall x1 |
| 34:27 | gabaleage · wall_segment Palisade Wall x1 |
| 34:28 | gabaleage · wall_segment Palisade Wall x1 |
| 34:37 | elsalvadordelaoe · age_up imperial |
| 35:15 | 3Q9527 · first_building Castle |
| 38:23 | edukratos23 · first_market_sell 100 food |
| 38:44 | elpanditm · age_up imperial |
| 39:28 | gabaleage · first_building Barracks |
| 39:58 | gabaleage · wall_segment Stone Wall x11 |
| 41:26 | 3Q9527 · age_up imperial |
| 42:06 | TestofOne · first_building Stable |
| 43:52 | gabaleage · resign |
[ AI ANALYSIS · 1 CREDIT ]
What really happened in this match?
Wolo.gg analyzes every decision: build order, eco, micro, common mistakes by bracket. Personalized analysis on WhatsApp or Discord in 30 seconds.
Civ guide
Vietnamese
Perfil
Jugador #15654021